 Dungeon Crawl Stone Soup version 0.26.0-45-g9c1d065592 (webtiles) character file.

Game seed: 17888863864276502479

23 lawman0 the Covert (level 2, -2/16 HPs)
             Began as a Spriggan Delver on Jan 30, 2021.
             Was an Initiate of Nemelex Xobeh.
             Slain by a big kobold zombie (4 damage)
             ... in an ossuary.
             The game lasted 00:02:27 (565 turns).

lawman0 the Covert (Spriggan Delver)                 Turns: 565, Time: 00:02:27

Health: -2/16      AC:  1    Str:  8    XL:     2   Next: 72%
Magic:  3/3        EV: 20    Int: 11    God:    Nemelex Xobeh [......]
Gold:   13         SH:  0    Dex: 17    Spells: 1/1 levels left

rFire    . . .     SeeInvis +   a - +0 short sword
rCold    . . .     Faith    .   (shield restricted)
rNeg     . . .     Spirit   .   b - +0 robe
rPois    .         Reflect  .   (helmet restricted)
rElec    .         Harm     .   (no cloak)
rCorr    .         Rampage  .   (gloves unavailable)
Will     .....                  (boots unavailable)
Stlth    ++++......             (no amulet)
HPRegen  0.05/turn              (no ring)
MPRegen  0.08/turn              (no ring)

@: very quick
A: very small, unfitting armour, repulsion field 1, see invisible, deformed
body, deterioration 1, speed 3
a: Renounce Religion, Draw Escape, Draw Destruction, Draw Summoning


You were in an ossuary.
You worshipped Nemelex Xobeh.
Nemelex Xobeh was noncommittal.
You visited 2 branches of the dungeon, and saw 3 of its levels.
You also visited: Ossuary.

You collected 13 gold pieces.

Inventory:

Hand Weapons
 a - a +0 short sword (weapon)
Armour
 b - a +0 robe (worn)
Wands
 g - a wand of digging (3)
Scrolls
 c - a scroll of fog
 e - a scroll of fear
 h - a scroll of remove curse {unknown}
 k - a scroll of enchant weapon {unknown}
Potions
 f - a potion of haste


   Skills:
 + Level 2.5 Fighting
 + Level 2.3 Short Blades
 + Level 3.1 Dodging
 + Level 8.2 Stealth


You had one spell level left.
You didn't know any spells.
Your spell library contained the following spells:

 Spells                   Type           Power        Failure   Level
 Sting                    Tmut/Pois      0%           34%         1
 Poisonous Vapours        Pois/Air       0%           47%         2
 Ignite Poison            Fire/Tmut/Pois 0%           71%         3
 Mephitic Cloud           Conj/Pois/Air  0%           71%         3
 Olgreb's Toxic Radiance  Pois           0%           98%         4


Dungeon Overview and Level Annotations

Branches:
Dungeon (5/15)             Temple (1/1) D:5         Ossuary (1/1)

Altars:
Ashenzari
Cheibriados
Dithmenos
Elyvilon
Gozag
Kikubaaqudgha
Makhleb
Nemelex Xobeh
Okawaru
Ru
Trog
Uskayaw
Wu Jian
Yredelemnul
Zin
The Shining One


Innate Abilities, Weirdness & Mutations

You are very small and have problems with some larger weapons.
You are too small for most types of armour.
You have supernaturally acute eyesight. (SInv)
You cover ground extremely quickly.
You are surrounded by a mild repulsion field. (EV +2)
Armour fits poorly on your strangely shaped body.
Your body sometimes deteriorates upon taking damage.


Message History

The quokka zombie completely misses you.
You hit the quokka zombie.
You destroy the quokka zombie!
The goblin zombie hits you.
* * * LOW HITPOINT WARNING * * *
You barely miss the big kobold zombie.
The big kobold zombie is severely damaged.
A hobgoblin zombie comes into view.
You hit the goblin zombie but do no damage.
The goblin zombie misses you.
You hit the goblin zombie.
The goblin zombie is moderately damaged.
It was a potion of mutation.
You feel extremely strange.
Your body twists and deforms.
You feel yourself wasting away.
You begin to radiate repulsive energy.
The goblin zombie closely misses you.
It was a potion of magic.
Magic courses through your body. The big kobold zombie hits you.
You die...
Your body disappears without a glow.

######################
#........∩..∩..Z.....#
#..............Z@....#
#......########......#
#...#### ####...#
#..## #..# #..# ..#
#..## ..# #...#### .#
#......### Z#
#.........


You could see a goblin zombie and a big kobold zombie.

Vanquished Creatures
  A mummy (D:4)
  A shadow imp (D:5)
  A goblin zombie (Ossuary)
  2 quokka zombies (Ossuary)
  A rat zombie (Ossuary)
6 creatures vanquished.

Notes
Turn   | Place    | Note
-------+----------+-------------------------------------------
     0 | D:5      | lawman0 the Spriggan Delver began the quest for the Orb.
     0 | D:5      | Reached XP level 1. HP: 11/11 MP: 2/2
    38 | D:5      | Found a staircase to the Ecumenical Temple.
    44 | Temple   | Entered the Ecumenical Temple
   174 | Temple   | Became a worshipper of Nemelex Xobeh the Trickster
   233 | D:5      | Noticed an orc wizard
   381 | D:4      | Found a sand-covered staircase.
   401 | D:4      | Reached skill level 8 in Stealth
   401 | D:4      | Reached XP level 2. HP: 16/16 MP: 3/3
   430 | Ossuary  | Entered an ossuary
   564 | Ossuary  | Gained mutation: Armour fits poorly on your strangely
                  | shaped body. [potion of mutation]
   564 | Ossuary  | Gained mutation: Your body sometimes deteriorates upon
                  | taking damage. [potion of mutation]
   564 | Ossuary  | Gained mutation: You are surrounded by a mild repulsion
                  | field. (EV +2) [potion of mutation]
   565 | Ossuary  | Slain by a big kobold zombie

Illustrated notes

Levels and vault maps discovered:
D:4:      layout_loops_ring, chequers_temple_overflow_statue_of_worship,
          gup_ossuary_entry_pyramid
D:5:      layout_layer_cave, general_overflow_altar, temple_statues
Temple:   nicolae_temple_elliptical
Ossuary:  minmay_ossuary_two_tombs

Skill      XL: |  1 |
---------------+----+-----
Stealth        | 8 |  8.2
Fighting       | |  2.5
Short Blades   | |  2.3
Dodging        | |  3.1

Action                   || total
-------------------------++-------
Melee: Short sword       ||    38
  Use: Scroll            ||     2
       Potion            ||     3
 Stab: Sleeping          ||     3
Armor: Skin              ||     3
       Robe              ||     4
Dodge: Dodged            ||    32
